 Dungeon Crawl Stone Soup version 0.18.1-6-gd335043 (webtiles) character file.

1279 HungrySpirit the Insei (level 8, -3/43 HPs)
             Began as an Octopode Transmuter on May 18, 2016.
             Killed from afar by an orc wizard (10 damage)
             ... with a puff of flame
             ... on level 5 of the Dungeon.
             The game lasted 00:09:31 (6984 turns).

HungrySpirit the Insei (Octopode Transmuter)        Turns: 6984, Time: 00:09:31

Health: -3/43      AC:  1    Str:  9    XL:     8   Next: 54%
Magic:  9/11       EV: 14    Int: 16    God:
Gold:   270        SH:  0    Dex: 14    Spells: 3 memorised, 5 levels left

rFire  . . .     SeeInvis .     t - +2 dagger (venom)
rCold  . . .     Gourm    .     (no shield)
rNeg   . . .     Faith    .     (helmet restricted)
rPois  .         Spirit   .     (no amulet)
rElec  .         Dismiss  .     m - ring of sustain attributes
rCorr  .         Reflect  .     (no ring)
SustAt +         Harm     .     (no ring)
MR     .....     Rnd*Rage +     (no ring)
Stlth  ++........               (no ring)
                                (no ring)
                                (no ring)
                                (no ring)

@: not resistant to hostile enchantments, unstealthy
A: almost no armour, amphibious, 8 rings, constrict 8, camouflage 1, berserk 1,
frail 1, gelatinous body 1
a: no special abilities


You were on level 5 of the Dungeon.
You were not hungry.

You visited 1 branch of the dungeon, and saw 5 of its levels.
You also visited: Sewer.

You collected 270 gold pieces.

Inventory:

Hand Weapons
 t - a +2 dagger of venom (weapon)
Missiles
 a - 48 arrows
Jewellery
 m - a ring of sustain attributes (left tentacle)
Scrolls
 e - 4 scrolls of recharging {unknown}
 f - 3 scrolls of remove curse {unknown}
 g - a scroll of magic mapping {unknown}
 h - a scroll of immolation {unknown}
 k - a scroll of fear {unknown}
 l - 3 scrolls of identify {unknown}
 n - a scroll of teleportation
 p - a scroll of fog {unknown}
 q - a scroll of noise {unknown}
Potions
 i - a potion of flight
Books
 b - a book of Changes

   Spells                             Type                      Level
   a - Beastly Appendage              Transmutation                1
   b - Sticks to Snakes               Transmutation                2
   c - Spider Form                    Transmutation/Poison         3
   d - Ice Form                       Ice/Transmutation            4
   e - Blade Hands                    Transmutation                5
Comestibles
 c - 6 bread rations
 d - a meat ration
 j - a royal jelly
 r - a slice of pizza


   Skills:
 - Level 1.0 Fighting
 + Level 3.4 Short Blades
 + Level 5.1 Dodging
 * Level 7.3 Unarmed Combat
 - Level 2.0 Spellcasting
 + Level 4.8 Transmutations


You had 5 spell levels left.
You knew the following spells:

 Your Spells              Type           Power        Failure   Level  Hunger
a - Beastly Appendage     Trmt           ###...       3%          1    #......
b - Sticks to Snakes      Trmt           ###.....     6%          2    ###....
c - Spider Form           Trmt/Pois      #.........   28%         3    ###....


Dungeon Overview and Level Annotations

Branches:
Dungeon (5/15)
 Temple: D:4-7

Altars:
Ashenzari
Dithmenos
Pakellas


Innate Abilities, Weirdness & Mutations

You cannot wear most types of armour.
You are amphibious.
You can wear up to eight rings at the same time.
You can use your tentacles to constrict eight enemies at once.
Your skin changes colour to match your surroundings (Stealth).
Your rubbery body absorbs attacks (AC +1).
You tend to lose your temper in combat.
You are frail (-10% HP).


Message History

You constrict the orc wizard.
You kill the orc wizard!
You swing at nothing.
You barely miss something. Your squeeze misses something. Something hits you.
You closely miss something. Something hits you.
* * * LOW HITPOINT WARNING * * *
You miss something. Something hits you.
* * * LOW HITPOINT WARNING * * *
You closely miss something. You hit something.
Something hits you but does no damage.
You hit something but do no damage. Something hits you.
* * * LOW HITPOINT WARNING * * *
All of the chunks of flesh in your inventory have rotted away.
Casting: Sticks to Snakes
Confirm with . or Enter, or press ? or * to list all spells.
You create a snake!
You now have 48 arrows.
You hear some strange, mumbled words.
A puff of flame appears from out of thin air!
The puff of flame hits you!
You die...

#.<........
#.....S....
########.o........
#.....####
$....>....Z.......
.....##..
###.(.(...o>...
....##.#
##.##........#
...##.#
#..###........
#..##.# #####.##
##..#.###
#..##.####S@{S.#
.##.#
#..#..)....#####
.# . ##...(#######
.. # #####.....# #
..........#
.....<..[.##
...<....#....
.............
........#.....


You could see an adder and a friendly ball python.

Vanquished Creatures
  A phantom (D:3)
  An ogre (D:4)
  6 big kobolds (Sewer)
  A gnoll sergeant (D:5)
  A scorpion (D:4)
  3 orc wizards
  An orc priest (D:5)
  A worker ant (D:4)
  A hound skeleton (D:5)
  A worker ant zombie (D:5)
  8 gnolls
  A howler monkey skeleton (D:5)
  3 adders
  3 river rats (Sewer)
  6 oozes
  8 worms
  2 dart slugs (D:1)
  5 giant geckos
  7 orcs
  7 bats
  A giant cockroach (D:2)
  4 goblins
  6 hobgoblins
  6 jackals
  2 quokkas
  2 ball pythons
  8 giant newts
  A jackal skeleton (D:3)
  10 kobolds
  A quokka skeleton (D:5)
  10 rats
118 creatures vanquished.

Vanquished Creatures (collateral kills)
  A sky beast (D:4)
  An ogre (D:5)
  A worker ant (D:4)
  An orc (D:3)
4 creatures vanquished.

Vanquished Creatures (others)
  A hydra (D:2)
  A hobgoblin (D:3)
2 creatures vanquished.

Grand Total: 124 creatures vanquished

Notes
Turn   | Place    | Note
--------------------------------------------------------------
     0 | D:1      | HungrySpirit the Octopode Transmuter began the quest for the Orb.
     0 | D:1      | Reached XP level 1. HP: 13/13 MP: 3/3
   325 | D:1      | Reached XP level 2. HP: 18/18 MP: 5/5
   811 | D:1      | Reached XP level 3. HP: 20/23 MP: 6/6
  1153 | D:2      | Found a shadowy altar of Dithmenos.
  1224 | D:2      | Found a shattered altar of Ashenzari.
  1248 | D:2      | Learned a level 2 spell: Sticks to Snakes
  1463 | D:2      | Reached skill level 4 in Unarmed Combat
  1711 | D:2      | Reached XP level 4. HP: 8/28 MP: 5/7
  2020 | D:2      | Found an oddly glowing altar of Pakellas.
  2021 | D:2      | Noticed an eight-headed hydra
  2033 | D:2      | Killed an eight-headed hydra
  2174 | D:3      | Noticed a phantom
  2197 | D:3      | Killed a phantom
  2197 | D:3      | Reached XP level 5. HP: 25/33 MP: 3/8
  2383 | D:3      | HP: 1/33 [poisoned by an orc wizard]
  3212 | D:4      | Identified the Incunabulum of Terror
  3255 | D:4      | Learned a level 3 spell: Spider Form
  3303 | D:4      | Reached skill level 5 in Unarmed Combat
  3303 | D:4      | Reached XP level 6. HP: 23/38 MP: 9/9
  3550 | D:4      | Reached skill level 1 in Short Blades
  3877 | D:4      | Found a glowing drain.
  3922 | Sewer    | Entered a sewer
  4288 | Sewer    | Reached XP level 7. HP: 39/43 MP: 10/10
  4489 | Sewer    | Reached skill level 6 in Unarmed Combat
  5493 | D:4      | Reached XP level 8. HP: 48/48 MP: 11/11
  5541 | D:5      | Entered Level 5 of the Dungeon
  5587 | D:4      | HP: 2/48 [adder (4)]
  5767 | D:4      | Gained mutation: You tend to lose your temper in combat. [mutagenic meat]
  5768 | D:4      | Gained mutation: You are frail (-10% HP). [mutagenic meat]
  6235 | D:5      | Reached skill level 7 in Unarmed Combat
  6482 | D:5      | Reached skill level 5 in Dodging
  6984 | D:5      | Killed from afar by an orc wizard

Skill      XL: |  1  2  3  4  5  6  7  8 |
---------------+-------------------------+-----
Unarmed Combat | 4 5 6 7 |  7.3
Dodging        | 3 4 5 |  5.1
Transmutations | 3 4 |  4.8
Short Blades   | 1 2 3 |  3.4
Fighting       | |  1.0
Spellcasting   | |  2.0

Action                   |  1- 3 |  4- 6 |  7- 9 || total
-------------------------+-------+-------+-------++-------
Melee: Unarmed           |    87 |    42 |       ||   129
       Constrict         |    25 |    23 |    31 ||    79
       Tentacles         |    17 |    17 |    35 ||    69
       Punch             |     3 |     2 |    13 ||    18
       Dagger            |       |    56 |   168 ||   224
       Kick              |       |     2 |       ||     2
 Cast: Sticks to Snakes  |     3 |     4 |     7 ||    14
       Beastly Appendage |     2 |     1 |       ||     3
  Use: Potion            |       |       |     5 ||     5
       Scroll            |       |       |     1 ||     1
 Stab: Sleeping          |     6 |     7 |     1 ||    14
       Distracted        |       |     2 |       ||     2
  Eat: Chunk             |     2 |     9 |     6 ||    17
       Pizza             |       |       |     1 ||     1
       Royal jelly       |       |       |     1 ||     1
       Beef jerky        |       |       |     1 ||     1
Armor: Skin              |     4 |     2 |     5 ||    11
Dodge: Dodged            |    47 |    46 |    83 ||   176
